 Dungeon Crawl Stone Soup version 0.31-a0-986-g5e6e4ef867 (webtiles) character file.

Game seed: 645045490514661253

49 sammy202020 the Changeling (level 3, -2/27 HPs)
             Began as a Demonspawn Shapeshifter on Nov 22, 2023.
             Slain by a gnoll
             ... wielding a +0 halberd
              (8 damage)
             ... on level 2 of the Dungeon.
             The game lasted 00:01:24 (1115 turns).

sammy202020 the Changeling (DsSh)                   Turns: 1115, Time: 00:01:24

Health: -2/27      AC: 11    Str: 16    XL:     3   Next: 53%
Magic:  3/3        EV:  5    Int: 11    God:
Gold:   28         SH:  0    Dex: 12    Spells: 2/2 levels left

rFire   . .          .
                       - Unarmed
rCold   . . .        (no shield)
rNeg    . . .        f - +0 plate armour
rPois   .            (helmet currently unavailable)
rElec   .            (cloak currently unavailable)
rCorr   .            (gloves currently unavailable)
SInv    .            (boots currently unavailable)
Will    .....        (no amulet) Stlth
                     (no ring)
HPRegen 0.24/turn    (no ring)
MPRegen 0.08/turn

%: no passive effects
@: beast-form
A: beast (slay +1), hooves 1, rugged brown scales 1
a: Begin Untransformation


You were on level 2 of the Dungeon.
You were a hulking beast.
You visited 1 branch of the dungeon, and saw 2 of its levels.

You collected 28 gold pieces.

Inventory:

Armour
 a - a +0 animal skin
 f - a +0 plate armour (worn)
Talismans
 c - a beast talisman
 d - a flux talisman
Scrolls
 e - a scroll of noise {unknown}
Potions
 b - a potion of lignification
 j - a potion of resistance


   Skills:
 * Level 1.8 Fighting
 + Level 0.7 Armour
 + Level 2.0 Dodging
 * Level 3.1 Unarmed Combat
 * Level 3.1 Shapeshifting


You had 2 spell levels left.
You didn't know any spells.
Your spell library was empty.

Dungeon Overview and Level Annotations

Branches:
Dungeon (2/15)

Altars:

Annotations:
D:2 1 runed translucent door, Crazy Yiuf


Innate Abilities, Weirdness & Mutations

You are a hulking beast.
Your limbs bulge with bestial killing power. (Slay +1)
You have large cloven feet.
You are partially covered in rugged brown scales. (AC +1, +3% HP)


Message History

A dart slug comes into view.
The gnoll attacks as it pursues you! The gnoll completely misses you.
You closely miss the gnoll.
The gnoll hits you but does no damage. x2
You barely miss the gnoll. Your kick misses the gnoll.
The gnoll hits you but does no damage.
The dart slug briefly extends its eye-stalks.
The dart slug launches a dart at you.
The slug dart hits you but does no damage.
You hit the gnoll.
The gnoll is lightly wounded.
The gnoll hits you from afar with a +0 halberd!
The gnoll hits you with a +0 club.
The gnoll hits you from afar with a +0 halberd.
* * * LOW HITPOINT WARNING * * *
Found a scroll labelled VESURRYLUI.
The gnoll hits you from afar with a +0 halberd.
* * * LOW HITPOINT WARNING * * *
The dart slug launches a dart at you.
The slug dart hits you but does no damage.
The dart slug bites you but does no damage.
You see here 9 gold pieces.
The dart slug launches a dart at you.
The slug dart hits you but does no damage.
The dart slug launches a dart at you. The slug dart misses you.
The dart slug launches a dart at you.
The slug dart hits you but does no damage.
Okay, then.
Okay, then.
The gnoll barely misses you.
You completely miss the gnoll. The gnoll hits you but does no damage.
Okay, then.
You hit the gnoll. You kick the gnoll.
The gnoll is heavily wounded.
The gnoll barely misses you.
You hit the gnoll. Your kick misses the gnoll.
The gnoll is heavily wounded.
The gnoll completely misses you.
The gnoll hits you from afar with a +0 halberd!
You die...

# . #. . #.##
######.. ...
#.#8#_#. #.#####
#...#∩# #..hgg###
#.⌠..##
#####gw.######..⌠.8#
#..g.......#...#.
#...........###..
#?....$.....# #..
#..........## #..
#########..####..
#####.... ##### ##
#....


You could see 4 gnolls and a dart slug.

Vanquished Creatures
  An adder (D:2)
  4 dart slugs
  A ball python (D:1)
  A bat (D:2)
  2 endoplasms (D:1)
  2 goblins
  2 hobgoblins (D:1)
  6 jackals
  4 quokkas
  A frilled lizard (D:1)
  3 kobolds
  A rat (D:2)
28 creatures vanquished.

Notes
Turn   | Place    | Note
-------+----------+-------------------------------------------
     0 | D:1      | sammy202020 the Demonspawn Shapeshifter began the quest for
                  | the Orb.
     0 | D:1      | Reached XP level 1. HP: 15/15 MP: 1/1
   113 | D:1      | Gained mutation: You have large cloven feet. [demonic
                  | ancestry]
   113 | D:1      | Reached XP level 2. HP: 6/21 MP: 2/2
   887 | D:2      | Found a runed translucent door.
   888 | D:2      | Noticed Crazy Yiuf
   932 | D:2      | Gained mutation: You are partially covered in rugged brown
                  | scales. (AC +1, +3% HP) [demonic ancestry]
   932 | D:2      | Reached XP level 3. HP: 20/26 MP: 3/3
  1091 | D:2      | Found a faded altar of an unknown god.
  1115 | D:2      | Slain by a gnoll

Illustrated notes

Levels and vault maps discovered:
D:1:      eino_arrival_cavern_b, layout_basic
D:2:      layout_basic, shapermc_ecumenical_altar_venn, uniq_crazy_yiuf_cottage

Skill      XL: |  1  2  3 |
---------------+----------+-----
Unarmed Combat | 3 |  3.1
Shapeshifting  | 3 |  3.1
Dodging        | 2 |  2.0
Fighting       | |  1.8
Armour         | |  0.7

Action                     || total
---------------------------++-------
  Melee: Unarmed           ||    87
         Kick              ||    15
         Punch             ||     2
    Use: Scroll            ||     4
 Armour: Animal skin       ||    14
         Chain mail        ||    29
         Plate armour      ||    19
  Dodge: Dodged            ||    57

Table legend: (Time is in decaauts)
 A = Elapsed time spent in this place.
 B = Non-inter-level travel time spent in this place.
 C = Inter-level travel time spent in this place.
 D = Time resting spent in this place.
 E = Time spent auto-exploring this place.
 F = Levels seen in this place.
 G = Mean time per level.
                   A        B        C        D        E       F      G
               +--------+--------+--------+--------+--------+-----+--------+
         Total |   1111 |   1111 |      0 |    263 |    596 |   2 |  555.5 |
       Dungeon |   1111 |   1111 |      0 |    263 |    596 |   2 |  555.5 |
               +--------+--------+--------+--------+--------+-----+--------+

Top non-repeatable levels by time:
     D:1: 867 daAuts
     D:2: 244 daAuts
